 Dungeon Crawl Stone Soup version 0.30.1-11-g7821555f0a (webtiles) character file.

Game seed: 17929647044874641175

260 Okkudo the Cleaver (level 6, -3/51 HPs)
             Began as a Hill Orc Monk on Dec 10, 2023.
             Slain by an ogre
             ... wielding a +0 giant spiked club
              (19 damage)
             ... on level 3 of the Dungeon.
             The game lasted 00:07:28 (1974 turns).

Okkudo the Cleaver (Hill Orc Monk)                  Turns: 1974, Time: 00:07:29

Health: -3/51      AC: 11    Str: 16    XL:     6   Next: 17%
Magic:  6/6        EV:  7    Int: 10    God:
Gold:   81         SH:  5    Dex: 13    Spells: 5/5 levels left

rFire   + . .        a - +0 hand axe
rCold   . . .        b - +2 buckler
rNeg    . . .        d - +0 chain mail
rPois   .            (no helmet)
rElec   .            (no cloak)
rCorr   .            l - +2 pair of gloves
SInv    .            (no boots)
Will    +....        (no amulet) Stlth
                     q - ring of willpower
HPRegen 0.28/turn    r - ring of protection from fire
MPRegen 0.10/turn

%: no passive effects
@: no status effects
A: no striking features
a: no special abilities


You were on level 3 of the Dungeon.
You visited 1 branch of the dungeon, and saw 3 of its levels.

You collected 81 gold pieces.

Inventory:

Hand Weapons
 a - a +0 hand axe (weapon)
 c - a +2 scythe of protection
Armour
 b - a +2 buckler (worn)
 d - a +0 chain mail (worn)
 l - a +2 pair of gloves (worn)
Jewellery
 q - a ring of willpower (left hand)
 r - a ring of protection from fire (right hand)
Scrolls
 e - a scroll of silence {unknown}
 i - 4 scrolls of teleportation {unknown}
 k - 2 scrolls of identify {unknown}
 n - 2 scrolls of fog {unknown}
 o - a scroll of enchant armour {unknown}
 p - a scroll of poison {unknown}
Potions
 f - a potion of heal wounds {unknown}
 g - a potion of cancellation {unknown}
 h - a potion of might {unknown}
 j - a potion of berserk rage {unknown}
 m - a potion of flight {unknown}


   Skills:
 - Level 3.6 Fighting
 * Level 8.9 Axes
 - Level 2.4 Dodging


You had 5 spell levels left.
You didn't know any spells.
Your spell library contained the following spells:

 Spells                   Type           Power      Damage    Failure   Level
 Beastly Appendage        Tmut           0%         N/A       100%        1
 Ensorcelled Hibernation  Hex/Ice        0%         N/A       100%        2
 Wereblood                Tmut           0%         N/A       100%        2
 Spider Form              Tmut/Pois      0%         N/A       100%        3
 Anguish                  Hex/Necr       0%         N/A       100%        4


Dungeon Overview and Level Annotations

Branches:
Dungeon (3/15)

Altars:

Shops:
D:2 ?[*(

Annotations:
D:2 1 runed translucent door, Crazy Yiuf


Message History

The endoplasm hits you but does no damage.
You slash the endoplasm!
You kill the endoplasm!
The bat hits you but does no damage. x2
You closely miss the bat. The bat hits you but does no damage.
You block the bat's attack. The bat hits you but does no damage.
There is an open door here.
You see here a ball python corpse.
You hit the bat.
The bat is severely wounded.
The bat hits you but does no damage. You block the bat's attack.
You hit the bat.
You kill the bat!
You see here a bat corpse.
You now have 81 gold pieces (gained 14).
You open the door.
There is an open door here.
Okay, then.
There is an open door here.
You see here a bat corpse.
There is an open door here.
You see here a ball python corpse.
You open the door.
An ogre, 2 adders, a bat, 2 rats and a sky beast come into view.
The adder hisses angrily.
The ogre shouts!
The adder hisses angrily.
Found ten items.
You barely miss the ogre.
The ogre hits you with a +0 giant spiked club!!
You hit the ogre.
The ogre is lightly wounded.
The ogre barely misses you.
You hit the ogre but do no damage.
The ogre is lightly wounded.
You barely miss the ogre.
The ogre is lightly wounded.
The ogre hits you with a +0 giant spiked club!
You hit the ogre.
The ogre is lightly wounded.
The ogre hits you with a +0 giant spiked club!!
You die...

... ######.## #...... .##
+....###..# #...##.##.#
..# ##...#.[.'.# #....#
#....##.##.######....#
#...#'###'#.......#....#
.....##..##@#####.#.#....#
###..#...††#Obr.##.......#
... #....##SSY.[#.......#
.## ##..## r(.?)#.###.#.#
#### [..:!#....<..#
#$$)##.#####.# ####... ..
..##. .. ### #.###### #


You could see a sky beast, an ogre, 2 adders, a bat and 2 rats.

Vanquished Creatures
  Sigmund (D:2)
  2 adders (D:2)
  A worm (D:2)
  A dart slug (D:2)
  7 bats
  7 endoplasms
  3 giant cockroaches
  3 goblins
  10 hobgoblins
  7 jackals (D:1)
  4 quokkas
  5 ball pythons
  4 frilled lizards (D:2)
  7 kobolds
  7 rats (D:1)
69 creatures vanquished.

Notes
Turn   | Place    | Note
-------+----------+-------------------------------------------
     0 | D:1      | Okkudo the Hill Orc Monk began the quest for the Orb.
     0 | D:1      | Reached XP level 1. HP: 19/19 MP: 1/1
    95 | D:1      | Reached XP level 2. HP: 26/26 MP: 2/2
   192 | D:1      | Reached skill level 5 in Axes
   431 | D:1      | Reached XP level 3. HP: 29/31 MP: 3/3
   750 | D:1      | Reached skill level 6 in Axes
   914 | D:2      | Found Jiunu's Assorted Antiques.
   916 | D:2      | Found Tiyc's Antique Weapon Shop.
   986 | D:2      | Reached XP level 4. HP: 34/39 MP: 4/4
  1056 | D:2      | Noticed Sigmund
  1161 | D:2      | Found Jereufeu's Armour Shop.
  1308 | D:2      | Found Warphig's Magic Scroll Shoppe.
  1399 | D:2      | Found a runed translucent door.
  1400 | D:2      | Noticed Crazy Yiuf
  1611 | D:2      | Killed Sigmund
  1612 | D:2      | Reached skill level 8 in Axes
  1612 | D:2      | Reached XP level 5. HP: 14/45 MP: 5/5
  1612 | D:2      | Reached XP level 6. HP: 16/51 MP: 6/6
  1969 | D:3      | Noticed a sky beast
  1974 | D:3      | Slain by an ogre

Illustrated notes

Levels and vault maps discovered:
D:1:      dpeg_arrival_ratfight, layout_loops_ring, minmay_splitting_lines
D:2:      layout_basic, serial_shops, nicolae_shop_stone, nicolae_shop_stone,
          nicolae_shop_window_shopping, shop_fountains,
          ebering_dispersal_statue_hall, uniq_sigmund, uniq_crazy_yiuf_cottage
D:3:      layout_basic, mainiacjoe_overflow_boulevard, minmay_joined_circles

Skill      XL: |  1  2  3  4 |
---------------+-------------+-----
Axes           | 5 6 8 |  8.9
Fighting       | |  3.6
Dodging        | |  2.4

Action                     |  1- 3 |  4- 6 || total
---------------------------+-------+-------++-------
  Melee: Hand axe          |   106 |   116 ||   222
    Use: Potion            |       |     2 ||     2
 Armour: Robe              |    24 |    17 ||    41
         Scale mail        |       |     9 ||     9
         Chain mail        |       |    15 ||    15
  Dodge: Dodged            |    59 |    40 ||    99
  Block: Buckler           |       |    13 ||    13
